 Dungeon Crawl Stone Soup version 0.16-a0-4072-gc5a8185 (webtiles) character file.

155 Gronka the Sneak (level 5, -3/60 HPs)
             Began as a Human Assassin on Feb 21, 2015.
             Slain by Gronka's ghost (10 damage)
             ... on level 3 of the Dungeon.
             The game lasted 00:07:01 (2902 turns).

Gronka the Sneak (Human Assassin)                   Turns: 2902, Time: 00:07:01

Health: -3/60      AC:  3    Str: 16    XL:     5   Next: 63%
Magic:  5/5        EV: 13    Int: 11    God:
Gold:   102        SH:  0    Dex: 16    Spells: 0 memorised, 4 levels left

rFire  . . .     SeeInvis .     l - +2 dagger (venom)
rCold  . . .     Clarity  .     c - +0 robe
rNeg   + . .     SustAb   .     (no shield)
rPois  .         Gourm    .     (no helmet)
rElec  .         Spirit   .     d - +0 cloak
rCorr  .         Warding  .     (no gloves)
rMut   .         Stasis   .     (no boots)
MR     .....                    (no amulet)
Stlth  ..........               (no ring)
                                j - ring of positive energy

@: berserking, very quick, not resistant to hostile enchantments, extremely
unstealthy
A: no striking features
a: no special abilities


You were on level 3 of the Dungeon.
You were hungry.

You visited 1 branch of the dungeon, and saw 3 of its levels.

You collected 102 gold pieces.

Inventory:

Hand weapons
 a - a +2 dagger
 b - a +0 blowgun
 l - a +2 dagger of venom (weapon)
Missiles
 e - 26 poisoned needles
 f - 2 curare-tipped needles
Armour
 c - a +0 robe (worn)
 d - a +0 cloak (worn)
Jewellery
 j - a ring of positive energy (left hand)
Magical devices
 t - a wand of fireball (6)
Scrolls
 g - a scroll of fear {unknown}
 n - 3 scrolls of teleportation {unknown}
 o - 2 scrolls of remove curse {unknown}
 r - a scroll of enchant armour {unknown}
 v - a scroll of immolation {unknown}
 x - a scroll of identify {unknown}
Potions
 h - a potion of curing {unknown}
 i - a potion of invisibility {unknown}
 k - a potion of brilliance
 u - a potion of ambrosia {unknown}
Comestibles
 m - 9 fruits
 p - 4 meat rations
 q - 2 bread rations
 w - a beef jerky


   Skills:
 + Level 2.8 Fighting
 + Level 2.7 Short Blades
 + Level 2.2 Throwing
 + Level 2.6 Dodging
 + Level 5.1 Stealth


You had 4 spell levels left.
You didn't know any spells.

Dungeon Overview and Level Annotations

Branches:
Dungeon (3/15)

Altars:
Cheibriados
Okawaru
Ru
Xom
Yredelemnul
The Shining One

Annotations:
D:3 Gronka's ghost, average HuFi


Message History

You hit Gronka's ghost but do no damage.
Gronka's ghost is lightly damaged.
You hit Gronka's ghost but do no damage.
Gronka's ghost is lightly damaged.
Gronka's ghost closely misses you.
You hit Gronka's ghost.
Gronka's ghost is lightly damaged.
Gronka's ghost hits you.
You barely miss Gronka's ghost.
Gronka's ghost is lightly damaged.
Gronka's ghost hits you!
* * * LOW HITPOINT WARNING * * *
You are too injured to fight recklessly!
Drink which item? (? for menu, Esc to quit)
It was a potion of berserk rage.
A red film seems to cover your vision as you go berserk!
You feel yourself moving faster!
You feel mighty!
You hear the quick rusting of a drain nearby.
Gronka's ghost hits you!
You die...

#.........###........#
##...# #........<#
#..(.....# ##...
#.[.......###........###
####
#.........#.#............
##.##.####...###.###...#
#............##.# ...
#.....###...###.##.####
#.#...# ##.###.(...#
#.##.## #.# #@##..#
#.##.# #.# #W# #.# #.##.#
#.# #l# .# #.##.# #.# #.#
# #.##.# #.# #.# . . #.#
#.# #.# #.# ... ... ...
... ..# ### ###


You could see Gronka's ghost and a giant gecko.

Vanquished Creatures
  Natasha (twice) (D:3)
  2 adders (D:2)
  3 giant mites
  A worm (D:2)
  A giant gecko (D:1)
  3 orcs (D:3)
  A giant cockroach (D:2)
  14 goblins
  9 hobgoblins
  7 jackals (D:3)
  7 kobolds
  2 ball pythons
  11 bats
  2 giant newts
  3 rats
68 creatures vanquished.

Notes
Turn   | Place    | Note
--------------------------------------------------------------
     0 | D:1      | Gronka, the Human Assassin, began the quest for the Orb.
     0 | D:1      | Reached XP level 1. HP: 16/16 MP: 1/1
   118 | D:1      | Reached XP level 2. HP: 16/22 MP: 2/2
   484 | D:1      | Reached XP level 3. HP: 15/27 MP: 3/3
  1420 | D:2      | Found a shimmering altar of Xom.
  1434 | D:2      | Reached XP level 4. HP: 25/34 MP: 4/4
  1781 | D:2      | HP: 1/34 [bat (1)]
  2287 | D:3      | Found an iron altar of Okawaru.
  2489 | D:3      | Reached XP level 5. HP: 27/39 MP: 5/5
  2495 | D:3      | Reached skill level 5 in Stealth
  2542 | D:3      | Found a glowing golden altar of the Shining One.
  2545 | D:3      | Found a sacrificial altar of Ru.
  2553 | D:3      | Found a snail-covered altar of Cheibriados.
  2611 | D:3      | Noticed Natasha
  2658 | D:3      | Killed Natasha
  2681 | D:3      | Noticed Natasha
  2682 | D:3      | Found a basalt altar of Yredelemnul.
  2686 | D:3      | Killed Natasha
  2889 | D:3      | Noticed Gronka's ghost (average HuFi)
  2902 | D:3      | Slain by Gronka's ghost

Action                   |  1- 3 |  4- 6 || total
-------------------------+-------+-------++-------
Melee: Dagger            |   111 |   155 ||   266
  Use: Potion            |       |     4 ||     4
 Stab: Sleeping          |     5 |     2 ||     7
       Distracted        |       |     1 ||     1
  Eat: Bread ration      |     1 |       ||     1
       Beef jerky        |       |     1 ||     1
